 Dungeon Crawl Stone Soup version 0.28.0-43-g3370ac3207 (webtiles) character file.

Game seed: 7194543612409634874

1103 RatsInWalls the Cleaver (level 8, 70/70 HPs)
             Began as a Minotaur Berserker on Mar 30, 2022.
             Was a Believer of Trog.
             Quit the game on level 6 of the Dungeon on Mar 31, 2022.
             The game lasted 00:11:24 (5859 turns).

RatsInWalls the Cleaver (Minotaur Berserker)        Turns: 5859, Time: 00:11:24

Health: 70/70      AC:  6    Str: 23    XL:     8   Next: 11%
Magic:  7/7        EV: 12    Int:  4    God:    Trog [**....]
Gold:   308        SH:  0    Dex: 11    Spells: 7/7 levels left

rFire   . . .      SeeInvis .   u - +0 war axe
rCold   . . .      Faith    .   (no shield)
rNeg    + . .      Spirit   .   e - +0 ring mail
rPois   .          Reflect  .   (helmet restricted)
rElec   .          Harm     .   s - scarf {shadows}
rCorr   .          Rampage  .   (no gloves)
Will    .....                   (no boots)
Stlth   +.........              (no amulet)
HPRegen 0.21/turn               q - ring of positive energy
MPRegen 0.10/turn               (no ring)

@: no status effects
A: horns 2, retaliatory headbutt
a: Renounce Religion, Berserk, Trog's Hand


You were on level 6 of the Dungeon.
You worshipped Trog.
Trog was pleased with you.
You visited 2 branches of the dungeon, and saw 7 of its levels.

You collected 308 gold pieces.

Inventory:

Hand Weapons
 r - a +3 rapier of draining
 u - a +0 war axe (weapon)
 v - a +0 broad axe
Missiles
 d - 226 stones (quivered)
Armour
 e - a +0 ring mail (worn)
 n - a +0 chain mail
 s - a scarf of shadows (worn)
Jewellery
 q - a ring of positive energy (left hand)
Wands
 c - a wand of digging (6)
 t - a wand of mindburst (18)
Scrolls
 l - 3 scrolls of noise {unknown}
 m - a scroll of acquirement {unknown}
 o - 3 scrolls of teleportation
 p - 2 scrolls of identify
Potions
 a - a potion of degeneration {unknown}
 b - a potion of mutation
 f - a potion of haste {unknown}
 g - a potion of curing {unknown}
 h - a potion of lignification {unknown}
 i - a potion of attraction {unknown}
 j - a potion of berserk rage {unknown}
 k - a potion of cancellation {unknown}
 w - a potion of brilliance {unknown}


   Skills:
 + Level 5.9 Fighting
 * Level 8.1 Axes
 + Level 6.7 Armour
 + Level 4.2 Dodging


You had 7 spell levels left.
You didn't know any spells.
Your spell library was empty.

Dungeon Overview and Level Annotations

Branches:
Dungeon (6/15)             Temple (1/1) D:5

Altars:
Ashenzari
Dithmenos
Elyvilon
Fedhas
Gozag
Kikubaaqudgha
Okawaru
Ru
Sif Muna
Vehumet
Wu Jian
Xom
Yredelemnul
The Shining One

Shops:
D:1 *


Innate Abilities, Weirdness & Mutations

You have a pair of horns on your head.
You reflexively headbutt those who attack you in melee.


Message History

You slash the adder!
You kill the adder!
Trog accepts your kill.
No target in view!
No target in view!
You now have 296 gold pieces (gained 8).
d - 205 stones (gained 13)
You now have 308 gold pieces (gained 12).
Found a blossoming altar of Fedhas.
There is a shaft here.
There is an open door here.
There is an open door here.
d - 226 stones (gained 21)
w - a lumpy golden potion
Found a stone staircase leading up.
There is an escape hatch in the ceiling here.
Things that are here:
a +0 robe; a +0 dagger
Things that are here:
a +0 chain mail; a +0 mace
Things that are here:
a +0 robe; a +0 dagger
Things that are here:
a +0 robe; a +0 dagger
Things that are here:
a +0 robe; a +0 dagger Done exploring.
Done exploring.
There is an escape hatch in the ceiling here.
You see here a +0 mace.
You see here a +0 spear.
There is a stone staircase leading down here.
You climb downwards.
There is a stone staircase leading up here.
Save game and exit?
Welcome back, RatsInWalls the Minotaur Berserker.
Trog says: Kill them all!
Press ? for a list of commands and other information.
Unknown command.
Are you sure you want to abandon this character and quit the game? (Confirm with "yes".) # #######.# #....@.# ...#####.# #

There were no monsters in sight!

Vanquished Creatures
  Eustachio (D:5)
  2 ogres
  A wyvern zombie (D:4)
  2 scorpions (D:5)
  A centaur zombie (D:5)
  3 hounds (D:5)
  Jessica (D:2)
  2 iguanas
  4 orc wizards
  15 gnolls
  8 adders
  An adder skeleton (D:4)
  3 worms
  11 orcs
  5 ball pythons
  11 bats
  7 endoplasms
  4 giant cockroaches
  7 goblins
  4 hobgoblins
  2 jackals (D:2)
  A frilled lizard (D:1)
  5 kobolds
  6 rats
107 creatures vanquished.

Notes
Turn   | Place    | Note
-------+----------+-------------------------------------------
     0 | D:1      | RatsInWalls the Minotaur Berserker began the quest for the
                  | Orb.
     0 | D:1      | Reached XP level 1. HP: 19/19 MP: 0/0
    97 | D:1      | Found Yfecwa's Assorted Antiques.
   471 | D:1      | Reached XP level 2. HP: 27/27 MP: 1/1
   504 | D:1      | Reached skill level 4 in Axes
   922 | D:1      | Reached XP level 3. HP: 33/33 MP: 2/2
   991 | D:2      | Reached ** piety under Trog
  1087 | D:2      | Noticed Jessica
  1098 | D:2      | Killed Jessica
  1099 | D:2      | Reached skill level 5 in Axes
  1099 | D:2      | Reached XP level 4. HP: 39/41 MP: 3/3
  1711 | D:3      | Noticed an ogre
  2055 | D:3      | Found a faded altar of an unknown god.
  2449 | D:3      | Killed an ogre
  2450 | D:3      | Reached XP level 5. HP: 47/47 MP: 4/4
  2614 | D:3      | Reached skill level 6 in Axes
  2940 | D:4      | Reached XP level 6. HP: 55/55 MP: 5/5
  2998 | D:4      | Reached skill level 5 in Fighting
  3775 | D:4      | Found a shimmering blue altar of Sif Muna.
  3783 | D:4      | Found a shimmering altar of Xom.
  4071 | D:5      | Entered Level 5 of the Dungeon
  4146 | D:5      | Reached skill level 5 in Armour
  4146 | D:5      | Reached XP level 7. HP: 61/61 MP: 6/6
  4160 | D:5      | Reached skill level 7 in Axes
  4236 | D:5      | Noticed Eustachio
  4262 | D:5      | Killed Eustachio
  4878 | D:5      | Found a staircase to the Ecumenical Temple.
  5026 | D:5      | Reached XP level 8. HP: 70/70 MP: 7/7
  5178 | Temple   | Entered the Ecumenical Temple
  5537 | D:5      | Reached skill level 8 in Axes
  5652 | D:5      | Found a blossoming altar of Fedhas.
  5859 | D:6      | Quit the game

Illustrated notes

Levels and vault maps discovered:
D:1:      nzn_arrival_water_spiral, layout_basic, serial_shops, shop,
          skrybe_limestone_x
D:2:      layout_basic, grunt_decor_resistance, uniq_jessica
D:3:      layout_basic, basic_ecumenical_altar, serial_forest,
          infiniplex_forest_lined_3_way, infiniplex_forest_straight_4,
          infiniplex_forest_clump_small, infiniplex_forest_clump_medium,
          infiniplex_forest_clump_double, infiniplex_forest_end_2,
          minmay_misc_feat_diagonals
D:4:      layout_basic, amethyst_overflow_temple_binary
D:5:      layout_basic, mainiacjoe_overflow_alcove_2,
          minmay_temple_entry_overgrown, uniq_eustachio
D:6:      layout_loops_corners, old_standard_altar, uniq_pikel,
          uniq_blork_the_orc
Temple:   minmay_temple_curvy_loop

Skill      XL: |  1  2  3  4  5  6  7  8 |
---------------+-------------------------+-----
Axes           | 4 5 6 7 8 |  8.1
Fighting       | 4 5 |  5.9
Dodging        | 3 4 |  4.2
Armour         | 3 5 6 |  6.7

Action                   |  1- 3 |  4- 6 |  7- 9 || total
-------------------------+-------+-------+-------++-------
Melee: Hand axe          |    76 |   129 |    80 ||   285
       Headbutt          |    11 |    19 |    13 ||    43
       Punch             |       |     1 |       ||     1
       War axe           |       |       |    11 ||    11
Throw: Stone             |     3 |       |       ||     3
Invok: Berserk           |       |     5 |     2 ||     7
       Trog's Hand       |       |       |     1 ||     1
  Use: Scroll            |     1 |     2 |       ||     3
Armor: Animal skin       |     9 |       |       ||     9
       Ring mail         |    14 |    32 |    35 ||    81
Dodge: Dodged            |    43 |    64 |    63 ||   170
